 Dungeon Crawl Stone Soup version 0.29.1-13-g9f3cf754e1 (webtiles) character file.

Game seed: 12034133899633677271

8 Saba the Shooter (level 2, -1/18 HPs)
             Began as a Gargoyle Hunter on Feb 8, 2023.
             Slain by a gnoll
             ... wielding a +0 whip
              (3 damage)
             ... on level 1 of the Dungeon.
             The game lasted 00:00:34 (363 turns).

Saba the Shooter (Gargoyle Hunter)                   Turns: 363, Time: 00:00:35

Health: -1/18      AC:  5    Str: 14    XL:     2   Next: 8%
Magic:  2/2        EV: 11    Int:  9    God:
Gold:   20         SH:  0    Dex: 13    Spells: 1/1 levels left

rFire   . . .      SeeInvis .   a - +0 shortbow
rCold   . . .      Faith    .   (shield currently unavailable)
rNeg    + . .      Spirit   .   c - +0 leather armour
rPois   ∞          Reflect  .   (no helmet)
rElec   +          Harm     .   (no cloak)
rCorr   .          Rampage  .   (no gloves)
Will    .....                   (no boots)
Stlth   +.........              (no amulet)
HPRegen 0.06/turn               (no ring)
MPRegen 0.08/turn               (no ring)

@: attractive
A: sickness immunity, AC +2, negative energy resistance 1, electricity
resistance, torment resistance 1, petrification resistance
a: no special abilities


You were on level 1 of the Dungeon.
You visited 1 branch of the dungeon, and saw 1 of its levels.

You collected 20 gold pieces.

Inventory:

Hand Weapons
 a - a +0 shortbow (weapon)
Armour
 c - a +0 leather armour (worn)
Scrolls
 b - a scroll of immolation


   Skills:
 + Level 2.4 Fighting
 * Level 4.3 Ranged Weapons
 - Level 1.5 Dodging
 - Level 1.1 Stealth


You had one spell level left.
You didn't know any spells.
Your spell library was empty.

Dungeon Overview and Level Annotations

Branches:
Dungeon (1/15)

Altars:

Shops:
D:1 (


Innate Abilities, Weirdness & Mutations

You are immune to sickness and miasma.
Your stone body is resilient. (AC +2)
You are immune to poison.
You resist negative energy. (rN+)
You are resistant to electric shocks. (rElec)
You are resistant to unholy torment.
You are immune to petrification.


Message History

You shoot an arrow.
The arrow hits the quokka but does no damage.
The quokka closely misses you. The quokka misses you.
You shoot an arrow. The arrow misses the quokka.
The quokka misses you.
A quokka is nearby!
You shoot an arrow. The arrow hits the quokka.
The quokka is severely wounded.
The quokka closely misses you. The quokka barely misses you.
You shoot an arrow. The arrow hits the quokka!
You kill the quokka!
No target in view!
No target in view!
You now have 20 gold pieces (gained 9).
A gnoll comes into view. It is wielding a +0 whip.
You shoot an arrow. The arrow closely misses the gnoll.
You shoot an arrow. The arrow hits the gnoll.
The gnoll is moderately wounded.
The gnoll closely misses you.
A gnoll is nearby!
You shoot an arrow.
The arrow hits the gnoll but does no damage.
The gnoll is moderately wounded.
The gnoll closely misses you.
A gnoll is nearby!
You shoot an arrow. The arrow closely misses the gnoll.
The gnoll hits you with a +0 whip! The gnoll hits you with a +0 whip.
You are too injured to fight recklessly!
You are too injured to fight recklessly!
You are too injured to fight recklessly!
You are too injured to fight recklessly!
Fire: a) +0 shortbow
Press: ? - help, Q - select action Shift-Dir - straight line, f/p - gnoll
Aim: a gnoll, wielding a +0 whip (moderately wounded, 64% to hit)
You shoot an arrow. The arrow barely misses the gnoll.
The gnoll hits you with a +0 whip.
* * * LOW HITPOINT WARNING * * *
It was a potion of attraction.
You feel attractive to monsters. The gnoll hits you with a +0 whip.
You die...

# # # # # ##
# .. .#
##########..#
#.......@g..#
######
#.########.##
.....# #(# #
####.## #.#
###...###.###
.......(....#
###...###.#[#
..#...###.#.#
.............


You could see a gnoll.

Vanquished Creatures
  A ball python (D:1)
  An endoplasm (D:1)
  2 jackals (D:1)
  2 quokkas (D:1)
6 creatures vanquished.

Notes
Turn   | Place    | Note
-------+----------+-------------------------------------------
     0 | D:1      | Saba the Gargoyle Hunter began the quest for the Orb.
     0 | D:1      | Reached XP level 1. HP: 12/12 MP: 1/1
   173 | D:1      | Found Karchaur's Antique Weapon Boutique.
   182 | D:1      | Reached XP level 2. HP: 12/18 MP: 2/2
   363 | D:1      | Slain by a gnoll

Illustrated notes

Levels and vault maps discovered:
D:1:      zaba_arrival_water, layout_loops_ring, serial_shops, shop,
          due_unseen_surprise

Action                   || total
-------------------------++-------
 Fire: Shortbow          ||    23
  Use: Potion            ||     1
Armor: Leather armour    ||     5
Dodge: Dodged            ||    12
